 Dungeon Crawl Stone Soup version 0.22-a0-204-g464ede7 (webtiles) character file.

119 Partyfoot the Chucker (level 5, -3/54 HPs)
             Began as an Ogre Hunter on Feb 17, 2018.
             Killed from afar by an orc wizard (8 damage)
             ... with a magic dart
             ... on level 3 of the Dungeon.
             The game lasted 00:16:33 (2712 turns).

Partyfoot the Chucker (Ogre Hunter)                 Turns: 2712, Time: 00:16:33

Health: -3/54      AC:  3    Str: 16    XL:     5   Next: 3%
Magic:  5/5        EV:  5    Int: 12    God:
Gold:   131        SH: 11    Dex: 10    Spells: 4/4 levels left

rFire    . . .     SeeInvis .   a - +0 short sword
rCold    + . .     Gourm    .   m - +0 large shield
rNeg     . . .     Faith    .   b - +0 robe
rPois    .         Spirit   .   (helmet restricted)
rElec    .         Reflect  .   (no cloak)
rCorr    .         Harm     .   (gloves unavailable)
MR       .....                  (boots unavailable)
Stlth    ++........             (no amulet)
HPRegen  0.18/turn              (no ring)
MPRegen  0.09/turn              n - ring of protection from cold

@: starving
A: large, unfitting armour, tough skin 1
a: no special abilities


You were on level 3 of the Dungeon.
You were starving.

You visited 1 branch of the dungeon, and saw 3 of its levels.

You collected 131 gold pieces.

Inventory:

Hand Weapons
 a - a +0 short sword (weapon)
Missiles
 c - a large rock (quivered)
 d - 2 throwing nets
 g - 32 sling bullets
 h - 16 stones
 l - 7 needles of frenzy
Armour
 b - a +0 robe (worn)
 m - a +0 large shield (worn)
Magical Staves
 r - an uncursed staff of death
Jewellery
 n - a ring of protection from cold (right hand)
Scrolls
 e - 2 scrolls of teleportation {unknown}
 j - 2 scrolls of remove curse
 o - a scroll of identify {unknown}
 q - a scroll of enchant armour {unknown}
Potions
 i - a potion of mutation {unknown}
 p - a potion of curing {unknown}
Comestibles
 f - 5 rations


   Skills:
 + Level 4.0 Fighting
 + Level 4.5 Throwing
 - Level 2.4 Dodging
 + Level 1.8 Stealth
 * Level 1.1 Shields


You had 4 spell levels left.
You didn't know any spells.

Dungeon Overview and Level Annotations

Branches:
Dungeon (3/15)

Altars:


Innate Abilities, Weirdness & Mutations

You are too large for most types of armour.
You have tough skin. (AC +1)


Message History

You throw a large rock. The large rock barely misses the orc.
The large rock closely misses the orc wizard.
The orc hits you with a club.
* * * LOW HITPOINT WARNING * * *
Throwing (i - inventory. (/) - cycle)
c - 3 large rocks (quivered)
Press: ? - help, Shift-Dir - straight line, f/p - orc wizard
Aim: an orc wizard, wielding a dagger and wearing a robe You throw a large rock.
The large rock hits the orc wizard!
The orc wizard is severely wounded.
You block the orc wizard's attack.
The orc wizard hits you but does no damage.
Throwing (i - inventory. (/) - cycle)
c - 2 large rocks (quivered)
Press: ? - help, Shift-Dir - straight line, f/p - orc wizard
Aim: an orc wizard, wielding a dagger and wearing a robe (severely wounded)
You throw a large rock.
The large rock closely misses the orc wizard.
The large rock closely misses the orc.
The orc wizard casts a spell at you. The magic dart hits you!
You die...

......#
##.(...
.(...####
...(...
#...###
#.((.(#
#oo.#.# #o#.#
####@#.#
#....# #
#.#### # #.#
#.#########.#
#.......<.#.#
#.#...#####.#
#.#.#####.#
...#.......#


You could see an orc wizard and 2 orcs.

Vanquished Creatures
  4 adders (D:2)
  An ooze (D:1)
  2 worms (D:2)
  3 dart slugs (D:1)
  3 leopard geckos
  2 orcs (D:3)
  4 giant cockroaches
  4 goblins
  9 hobgoblins
  4 jackals (D:2)
  A ball python (D:2)
  5 bats
  3 frilled lizards
  11 kobolds
  8 rats
64 creatures vanquished.

Notes
Turn   | Place    | Note
-------+----------+-------------------------------------------
     0 | D:1      | Partyfoot the Ogre Hunter began the quest for the Orb.
     0 | D:1      | Reached XP level 1. HP: 22/22 MP: 1/1
   306 | D:1      | Reached XP level 2. HP: 15/29 MP: 2/2
   320 | D:1      | Reached skill level 1 in Stealth
   881 | D:1      | Reached XP level 3. HP: 32/37 MP: 3/3
  1448 | D:2      | Reached XP level 4. HP: 23/48 MP: 4/4
  2250 | D:2      | Reached skill level 1 in Shields
  2642 | D:2      | Upgraded the game from 0.22-a0-196-gee22f27 to 0.22-a0-204-g464ede7
  2699 | D:3      | Reached XP level 5. HP: 19/54 MP: 5/5
  2712 | D:3      | Killed from afar by an orc wizard

Vault maps used:
D:1:      dpeg_arrival_shrine

Skill      XL: |  1  2  3  4  5 |
---------------+----------------+-----
Dodging        | 2 |  2.4
Fighting       | 3 4 |  4.0
Stealth        | 1 |  1.8
Shields        | 1 |  1.1
Throwing       | |  4.5

Action                   |  1- 3 |  4- 6 || total
-------------------------+-------+-------++-------
Melee: Short sword       |   128 |    99 ||   227
       Staff             |       |    15 ||    15
Throw: Stone             |    19 |    53 ||    72
       Large rock        |     5 |    11 ||    16
  Use: Scroll            |       |     2 ||     2
 Stab: Sleeping          |     2 |     1 ||     3
  Eat: Chunk             |     1 |     3 ||     4
Armor: Robe              |    45 |    49 ||    94
Dodge: Dodged            |   102 |    46 ||   148
Block: Large shield      |       |   100 ||   100

Table legend:
 A = Spawn XP
 B = Non-spawn XP
 C = Spawn XP percentage of total XP
 D = Spawn monster count
 E = Non-spawn monster count
 F = Spawn count percentage of total count
 G = Total turns spent on level
                    A         B        C        D         E        F      G
               +---------+---------+-------+---------+---------+-------+---------
         Total |       0 |     171 |   0.0 |       0 |      64 |   0.0 |  2712
               +---------+---------+-------+---------+---------+-------+---------
           D:1 |       0 |      65 |   0.0 |       0 |      33 |   0.0 |  1355
           D:2 |       0 |      99 |   0.0 |       0 |      28 |   0.0 |  1306
           D:3 |       0 |       7 |   0.0 |       0 |       3 |   0.0 |    51
               +---------+---------+-------+---------+---------+-------+---------
